 Dungeon Crawl Stone Soup version 0.20-a0-296-gf222164 (webtiles) character file.

152221 holy777 the Imperceptible (level 17, -1/181 HPs)
             Began as a Vampire Enchanter on Dec 13, 2016.
             Was the Champion of Dithmenos.
             Succumbed to a nagaraja's bolt of poison
             ... on level 3 of the Snake Pit on Dec 14, 2016.
             The game lasted 03:08:41 (32981 turns).

holy777 the Imperceptible (Vampire Enchanter)      Turns: 32981, Time: 03:08:42

Health: -1/181     AC: 20    Str: 17    XL:     17   Next: 2%
Magic:  2/32       EV: 26    Int: 28    God:    Dithmenos [******]
Gold:   1090       SH:  0    Dex: 22    Spells: 2/38 levels left

rFire  x . .     SeeInvis +     y - +9 dagger "Xasoj" {pierce, +Fly rF- Int+4}
rCold  + . .     Gourm    .     J - +3 leather armour of Cowardice {Int+7}
rNeg   . . .     Faith    .     (no shield)
rPois  .         Spirit   +     I - +2 helmet
rElec  .         Reflect  .     N - +2 cloak
rCorr  .         Harm     .     Z - +2 pair of gloves {Str+3}
MR     +....                    T - +2 pair of boots "Owac" {+Fly rC+ Dex+2}
Stlth  ..........               U - amulet of guardian spirit
                                D - ring of stealth
                                G - +3 ring of evasion

@: berserking, lethally poisoned (-1 -> -25), regenerating quickly, wreathed by
umbra, very quick
A: fangs 3, see invisible, unbreathing
a: Shadow Step, Shadow Form, Renounce Religion, Evoke Flight


You were on level 3 of the Snake Pit.
You worshipped Dithmenos.
Dithmenos was exalted by your worship.
You were very full.

You visited 6 branches of the dungeon, and saw 29 of its levels.

You collected 2229 gold pieces.
You spent 1139 gold pieces at shops.

Inventory:

Hand Weapons
 y - the +9 dagger "Xasoj" (weapon) {pierce, +Fly rF- Int+4}
   (You found it on level 5 of the Dungeon)

   It inflicts extra damage upon your enemies.
   It affects your intelligence (+4).
   It makes you vulnerable to fire.
   It lets you fly.
Missiles
 K - 13 silver tomahawks (quivered)
Armour
 I - a +2 helmet (worn)
 J - the +3 leather armour of Cowardice (worn) {Int+7}
   (You found it on level 7 of the Dungeon)

   It affects your intelligence (+7).
 N - a +2 cloak (worn)
 T - the +2 pair of boots "Owac" (worn) {+Fly rC+ Dex+2}
   (You found it on level 6 of the Lair of Beasts)

   It affects your dexterity (+2).
   It protects you from cold.
   It lets you fly.
 Z - a +2 pair of gloves of strength (worn)
Jewellery
 D - a ring of stealth (right hand)
 G - a +3 ring of evasion (left hand)
 U - an amulet of guardian spirit (around neck)
Wands
 p - a wand of paralysis (11/24)
 s - a wand of heal wounds (0/9)
 v - a wand of iceblast (4/15)
 A - a wand of disintegration (5/24)
 C - a wand of paralysis (12/24)
 E - a wand of confusion (28/48)
 L - a wand of disintegration (17/24)
 M - a wand of hasting (1/9)
 R - a wand of slowing (23/48)
 S - a wand of paralysis (12/24)
 X - a wand of iceblast (0/15)
Scrolls
 c - a scroll of blinking
 f - 3 scrolls of recharging
 g - 8 scrolls of remove curse
 h - 6 scrolls of magic mapping
 j - a scroll of enchant armour
 k - 7 scrolls of teleportation
 l - 2 scrolls of identify
 z - 2 scrolls of fog
 Q - 2 scrolls of brand weapon
 Y - 3 scrolls of enchant weapon
Potions
 a - a potion of invisibility
 m - 7 potions of flight
 o - a potion of cure mutation
 r - a potion of haste
 x - a potion of cancellation
 B - 2 potions of lignification
 F - 3 potions of magic
 H - 6 potions of might
Books
 b - a book of the Sky

   Spells                             Type                      Level
   a - Summon Lightning Spire         Summoning/Air                4
   b - Airstrike                      Air                          4
   c - Silence                        Hexes/Air                    5
   d - Deflect Missiles               Charms/Air                   6
   e - Conjure Ball Lightning         Conjuration/Air              6
   f - Tornado                        Air                          9
 d - a book of Enchantments

   Spells                             Type                      Level
   a - Cause Fear                     Hexes                        4
   b - Yara's Violent Unravelling     Hexes/Transmutation          5
   c - Silence                        Hexes/Air                    5
   d - Deflect Missiles               Charms/Air                   6
   e - Discord                        Hexes                        8
 n - a book of Changes

   Spells                             Type                      Level
   a - Beastly Appendage              Transmutation                1
   b - Sticks to Snakes               Transmutation                2
   c - Spider Form                    Transmutation/Poison         3
   d - Ice Form                       Ice/Transmutation            4
   e - Blade Hands                    Transmutation                5
 q - a book of Power

   Spells                             Type                      Level
   a - Fulminant Prism                Conjuration/Hexes            4
   b - Iskenderun's Mystic Blast      Conjuration                  4
   c - Venom Bolt                     Conjuration/Poison           5
   d - Bolt of Magma                  Conjuration/Fire/Earth       5
   e - Iron Shot                      Conjuration/Earth            6
   f - Orb of Destruction             Conjuration                  7
   g - Spellforged Servitor           Conjuration/Summoning        7
 t - a book of Misfortune

   Spells                             Type                      Level
   a - Confusing Touch                Hexes                        1
   b - Confuse                        Hexes                        3
   c - Gell's Gravitas                Hexes/Translocation          3
   d - Petrify                        Transmutation/Earth          4
   e - Metabolic Englaciation         Hexes/Ice                    5
   f - Yara's Violent Unravelling     Hexes/Transmutation          5
 w - a book of Party Tricks

   Spells                             Type                      Level
   a - Summon Butterflies             Summoning                    1
   b - Apportation                    Translocation                1
   c - Lesser Beckoning               Translocation                3
   d - Tukima's Dance                 Hexes                        3
   e - Alistair's Intoxication        Transmutation/Poison         5
   f - Invisibility                   Hexes                        6
 P - a book of Enchantments

   Spells                             Type                      Level
   a - Cause Fear                     Hexes                        4
   b - Yara's Violent Unravelling     Hexes/Transmutation          5
   c - Silence                        Hexes/Air                    5
   d - Deflect Missiles               Charms/Air                   6
   e - Discord                        Hexes                        8
 W - a book of Callings

   Spells                             Type                      Level
   a - Summon Small Mammal            Summoning                    1
   b - Call Imp                       Summoning                    2
   c - Call Canine Familiar           Summoning                    3
   d - Summon Guardian Golem          Hexes/Summoning              3
   e - Summon Lightning Spire         Summoning/Air                4
   f - Summon Ice Beast               Ice/Summoning                4
Miscellaneous
 i - a fan of gales


   Skills:
 * Level 7.6 Fighting
 + Level 10.1 Short Blades
   Level 1.0 Maces & Flails
 + Level 1.9 Throwing
 * Level 8.9 Armour
 + Level 12.0 Dodging
 + Level 23.4 Stealth
 + Level 11.2 Spellcasting
 + Level 1.3 Conjurations
 + Level 15.3 Hexes
 + Level 3.0 Summonings
 + Level 0.1 Translocations
 + Level 2.6 Transmutations
 + Level 7.1 Ice Magic
 + Level 0.2 Air Magic
 * Level 1.0 Evocations


You had 2 spell levels left.
You knew the following spells:

 Your Spells              Type           Power        Failure   Level  Hunger
a - Silence               Hex/Air        ######....   6%          5    ###....
b - Ensorcelled Hibernat  Hex/Ice        ######       1%          2    None
c - Confuse               Hex            #######.     1%          3    None
d - Dazzling Spray        Conj/Hex       ######       1%          3    None
e - Tukima's Dance        Hex            #######.     1%          3    None
f - Cause Fear            Hex            #######...   1%          4    None
g - Lesser Beckoning      Tloc           ###.......   14%         3    None
h - Iskenderun's Mystic   Conj           ###.....     24%         4    None
i - Fulminant Prism       Conj/Hex       ######....   1%          4    None
j - Beastly Appendage     Tmut           ####..       1%          1    None
k - Sticks to Snakes      Tmut           ####....     2%          2    None
l - Call Imp              Summ           ####....     1%          2    None


Dungeon Overview and Level Annotations

Branches:
Dungeon (15/15)            Temple (1/1) D:7            Lair (6/6) D:10
  Swamp (1/4) Lair:2        Snake (4/4) Lair:2        Slime (0/5) Lair:5
    Orc (2/2) D:9             Elf (0/3) Orc:2        Vaults (0/5) D:14
 Depths (0/5) D:15

Altars:
Cheibriados
Dithmenos
Gozag
Makhleb
Nemelex Xobeh
Okawaru
Qazlal
Trog
Uskayaw
Vehumet
Zin
The Shining One
Jiyva

Shops:
D:6 [   Orc:1 =   Orc:2 *:([   Snake:2 (

Annotations:
Lair:6 exclusion: oklob plant
Snake:3 exclusion: Roxanne, Roxanne


Innate Abilities, Weirdness & Mutations

Your natural rate of healing is unusually fast.
You have razor-sharp teeth.
You have supernaturally acute eyesight. (SInv)
You can survive without breathing.


Message History

Level annotation: exclusion: Roxanne, Roxanne A salamander comes into view.
It is wielding a halberd.
* * * LOW HITPOINT WARNING * * *
You feel very sick.
There is a stone staircase leading down here.
Evoke which item? (* to show all) (? for menu, Esc to quit)
Zapping:
s - a wand of heal wounds (?/9) {zapped: 6} (will waste charges)
Press: ? - help, Shift-Dir - straight line, f - you Nothing appears to happen.
* * * LOW HITPOINT WARNING * * *
You feel very sick.
Evoke which item? (* to show all) (? for menu, Esc to quit)
Okay, then.
Okay, then.
Okay, then.
Evoke which item? (* to show all) (? for menu, Esc to quit)
Okay, then.
A red film seems to cover your vision as you go berserk!
You feel yourself moving faster!
You feel mighty!
You die...

..# #...## ##)# ### ..# #....#
#.# # ..# ###....## #.##
..###.......## #..#
.............## #..#
............N.### ##.#
......#.........## #.#
.....<##.........### #.##
......##........@..### #..#
##†...###..........^.### #..#
.##....##[.............#####..#
..##...###....................##
...###.###.....................##
....##..###............#######..#
.....##.###...<..<....## ##..
......#..............## ##.
......##......#.....## ##


You could see a salamander (wandering).

Vanquished Creatures
  Frances (D:12)
  Kirke (D:15)
  3 nagarajas (Snake:4)
  Donald (Snake:2)
  An orc warlord (Orc:1)
  A dire elephant (D:15)
  A fire dragon (Lair:6)
  An ettin (Orc:1)
  12 hydras
  7 naga warriors
  A yaktaur captain (D:14)
  A ghost crab (Swamp:1)
  2 catoblepae
  Erica (D:9)
  13 anacondas
  2 centaur warriors (D:15)
  2 two-headed ogres
  9 naga sharpshooters
  5 orc high priests
  7 shock serpents
  Nergalle (Lair:1)
  Sonja (Lair:2)
  3 salamander mystics
  A ghost (D:12)
  5 naga ritualists
  3 skeletal warriors (D:13)
  Pikel (D:4)
  2 swamp dragons
  4 orc knights
  The ghost of kal9871 the Covert, a novice OpAs of Nemelex Xobeh (D:8)
  3 removed MONS_HILL_GIANTs
  An ugly thing (D:12)
  5 orc sorcerers
  A wolf spider (Lair:6)
  3 deep elf magi (D:13)
  3 manticores
  A cyclops (D:14)
  11 mana vipers
  12 salamanders
  13 elephants
  Maurice (Orc:1)
  10 naga magi
  32 black mambas
  A guardian serpent (Snake:1)
  2 gargoyles
  A torpor snail (Lair:4)
  12 komodo dragons
  2 rime drakes
  An efreet (D:14)
  3 spiny frogs
  2 yaktaurs (D:14)
  2 hornets
  2 dancing weapons (Orc:2)
  13 polar bears
  5 trolls
  15 blink frogs
  Prince Ribbit (Lair:3)
  Grinder (D:7)
  A meliai zombie (D:14)
  2 bog bodies (Swamp:1)
  5 slime creatures (D:12)
  9 hippogriffs
  2 centaur simulacra (D:14)
  2 vampires (D:13)
  A shadow (D:12)
  4 wraiths
  4 wyverns
  4 hogs
  57 yaks
  4 basilisks
  A human (D:11)
  2 vampire mosquitoes (Swamp:1)
  A hungry ghost (D:15)
  2 steam dragons (Lair:6)
  Menkaure (D:7)
  Edmund (D:6)
  17 wargs
  44 nagas
  A swamp worm (Swamp:1)
  15 hell hounds (Lair:6)
  4 insubstantial wisps (Swamp:1)
  4 acid dragons
  13 water moccasins
  Duvessa (D:5)
  3 swamp drakes (Swamp:1)
  35 orc warriors
  12 black bears
  7 porcupines
  4 sky beasts
  4 ice beasts
  17 ogres
  4 slaves (D:4)
  A phantom (D:12)
  22 wolves
  A necrophage (D:11)
  A centaur (D:13)
  4 big kobolds
  21 crocodiles
  19 bullfrogs
  A gnoll sergeant (D:8)
  Dowan (D:5)
  3 scorpions
  13 killer bees
  10 wights
  2 electric eels (Lair:2)
  A bullfrog zombie (D:7)
  10 crimson imps
  A centaur zombie (D:10)
  3 centaur skeletons
  10 hounds
  A gnoll shaman (D:8)
  2 jellies
  19 orc priests
  24 orc wizards
  4 iguanas
  9 worker ants
  A worker ant zombie (D:7)
  20 gnolls
  5 adders
  4 shadow imps
  2 white imps (D:14)
  5 ufetubi (D:14)
  An ooze (D:4)
  An adder zombie (D:6)
  3 worms
  2 dart slugs (D:1)
  8 leopard geckos
  108 orcs
  6 giant cockroaches
  9 goblins
  A hobgoblin (D:1)
  11 jackals
  5 quokkas
  7 bats
  3 frilled lizards
  A jackal skeleton (D:8)
  A jackal zombie (D:5)
  23 kobolds
  A quokka skeleton (D:4)
  A quokka zombie (D:5)
  2 rats
  3 fungi
958 creatures vanquished.

Vanquished Creatures (collateral kills)
  A naga sharpshooter (Lair:2)
  A shock serpent (Snake:3)
  A removed MONS_HILL_GIANT (D:10)
  3 nagas
  5 orc warriors
  2 ogres (Orc:1)
  2 orc priests (Orc:1)
15 creatures vanquished.

Vanquished Creatures (others)
  3 dancing weapons (Snake:4)
  36 fulminant prisms
  12 fungi
  22 plants (Lair:6)
73 creatures vanquished.

Grand Total: 1046 creatures vanquished

Notes
Turn   | Place    | Note
-------+----------+-------------------------------------------
     0 | D:1      | holy777 the Vampire Enchanter began the quest for the Orb.
     0 | D:1      | Reached XP level 1. HP: 13/13 MP: 3/3
    72 | D:1      | Reached XP level 2. HP: 18/19 MP: 5/5
    81 | D:1      | Reached skill level 5 in Stealth
   556 | D:2      | Learned a level 2 spell: Ensorcelled Hibernation
   574 | D:2      | Reached XP level 3. HP: 23/24 MP: 6/6
   690 | D:2      | Found a glowing golden altar of the Shining One.
  1470 | D:3      | Reached skill level 6 in Stealth
  1699 | D:4      | Reached XP level 4. HP: 30/30 MP: 7/7
  1754 | D:4      | Noticed an ogre
  1814 | D:4      | Learned a level 3 spell: Confuse
  2100 | D:4      | Noticed a slave
  2100 | D:4      | Noticed a slave
  2100 | D:4      | Noticed a slave
  2103 | D:4      | Noticed a slave
  2104 | D:4      | Noticed Pikel
  2110 | D:4      | Killed a slave
  2438 | D:4      | Killed an ogre
  2438 | D:4      | Reached skill level 7 in Stealth
  2438 | D:4      | Reached XP level 5. HP: 35/35 MP: 0/8
  2452 | D:4      | Killed a slave
  2536 | D:4      | Killed a slave
  2691 | D:4      | Killed a slave
  2938 | D:4      | Killed Pikel
  2938 | D:4      | Reached skill level 1 in Throwing
  2938 | D:4      | Reached skill level 9 in Stealth
  2938 | D:4      | Reached skill level 1 in Ice Magic
  2938 | D:4      | Reached XP level 6. HP: 25/42 MP: 2/10
  2938 | D:4      | Reached XP level 7. HP: 28/47 MP: 2/11
  2959 | D:4      | Learned a level 3 spell: Dazzling Spray
  3066 | D:4      | Learned a level 3 spell: Tukima's Dance
  3196 | D:4      | Found a bloodstained altar of Trog.
  3199 | D:4      | Found an iron altar of Okawaru.
  3282 | D:4      | Reached skill level 10 in Stealth
  3612 | D:5      | Entered Level 5 of the Dungeon
  3616 | D:5      | Noticed Duvessa
  3616 | D:5      | Noticed Dowan
  3726 | D:5      | Got a steaming dagger
  3727 | D:5      | Identified the +9 dagger "Xasoj" {pierce, +Fly rF- Int+4} (You found it on level 5 of the Dungeon)
  3791 | D:5      | Reached skill level 1 in Fighting
  3870 | D:5      | Killed Duvessa
  3870 | D:5      | Reached XP level 8. HP: 54/54 MP: 7/12
  3881 | D:5      | Killed Dowan
  3881 | D:5      | Reached skill level 11 in Stealth
  4250 | D:5      | Reached skill level 1 in Maces & Flails
  4453 | D:5      | Found a burning altar of Makhleb.
  4515 | D:6      | Reached skill level 12 in Stealth
  4538 | D:6      | Found Azxaraats's Armour Emporium.
  4544 | D:6      | Bought a +0 pair of gloves for 63 gold pieces
  4678 | D:6      | Noticed Grinder
  4684 | D:6      | Noticed Menkaure
  4703 | D:7      | Killed Menkaure
  4711 | D:7      | Paralysed by Grinder for 3 turns
  4714 | D:7      | Killed Grinder
  4714 | D:7      | Reached skill level 13 in Stealth
  4714 | D:7      | Reached XP level 9. HP: 31/61 MP: 14/14
  4778 | D:6      | Noticed Edmund
  4791 | D:6      | Killed Edmund
  5279 | D:7      | Got a transparent leather armour
  5290 | D:7      | Identified the +3 leather armour of Cowardice {Int+7} (You found it on level 7 of the Dungeon)
  5464 | D:7      | Reached skill level 5 in Short Blades
  5464 | D:7      | Reached skill level 14 in Stealth
  6003 | D:7      | Found a staircase to the Ecumenical Temple.
  6022 | Temple   | Entered the Ecumenical Temple
  6028 | Temple   | Became a worshipper of Dithmenos the Shadowed
  6111 | D:8      | Noticed kal9871's ghost (novice OpAs)
  6113 | D:8      | Reached skill level 5 in Dodging
  6124 | D:8      | Killed kal9871's ghost
  6124 | D:8      | Reached skill level 1 in Armour
  6256 | D:8      | Learned a level 4 spell: Cause Fear
  6260 | D:8      | Reached * piety under Dithmenos
  6270 | D:8      | Reached XP level 10. HP: 66/67 MP: 16/16
  6390 | D:8      | Found a snail-covered altar of Cheibriados.
  6806 | D:9      | Noticed Erica
  6813 | D:9      | Killed Erica
  6813 | D:9      | Reached skill level 15 in Stealth
  6898 | D:9      | Reached ** piety under Dithmenos
  7255 | D:9      | Reached skill level 5 in Spellcasting
  7265 | D:9      | Reached *** piety under Dithmenos
  7303 | D:9      | Found a staircase to the Orcish Mines.
  7488 | D:10     | Entered Level 10 of the Dungeon
  7517 | D:10     | Noticed a five-headed hydra
  7525 | D:10     | Killed a five-headed hydra
  7525 | D:10     | Reached skill level 16 in Stealth
  7546 | D:10     | Noticed a hill giant
  7553 | D:10     | Killed a hill giant
  7553 | D:10     | Reached XP level 11. HP: 74/74 MP: 18/18
  7631 | D:10     | Found a stormy altar of Qazlal.
  7725 | D:10     | Noticed a hill giant
  7751 | D:10     | Killed a hill giant
  8159 | D:10     | Found a staircase to the Lair.
  8283 | D:10     | Noticed a hill giant
  8286 | D:10     | Killed a hill giant
  8546 | D:11     | Noticed a hill giant
  8548 | D:11     | Killed a hill giant
  8553 | D:11     | Reached **** piety under Dithmenos
  8763 | D:11     | Found a glowing golden altar of the Shining One.
  9086 | D:12     | Reached skill level 17 in Stealth
  9177 | D:12     | Noticed a cyan ugly thing
  9184 | D:12     | Killed a cyan ugly thing
  9212 | D:12     | Noticed Frances
  9354 | D:12     | Noticed an eight-headed hydra
  9356 | D:12     | Noticed a hill giant
  9557 | D:9      | Reached skill level 18 in Stealth
  9578 | Orc:1    | Entered Level 1 of the Orcish Mines
  9584 | Orc:1    | Noticed an orc high priest
  9661 | Orc:1    | Killed an orc high priest
  9667 | Orc:1    | Reached XP level 12. HP: 49/81 MP: 4/21
  9674 | Orc:1    | Learned a level 3 spell: Lesser Beckoning
  9676 | Orc:1    | Learned a level 1 spell: Summon Butterflies
  9728 | Orc:1    | Found Haluhefo's Jewellery Boutique.
  9737 | Orc:1    | Bought an uncursed ring of stealth for 280 gold pieces
  9883 | Orc:1    | Noticed Maurice
  9890 | Orc:1    | Killed Maurice
  9890 | Orc:1    | Reached ***** piety under Dithmenos
 10356 | Orc:2    | Entered Level 2 of the Orcish Mines
 10360 | Orc:2    | Noticed an orc high priest
 10364 | Orc:2    | Noticed an orc high priest
 10469 | Orc:2    | Found Nunwe's Antique Weapon Boutique.
 10469 | Orc:2    | Noticed an orc warlord
 10484 | Orc:1    | Killed an orc warlord
 10537 | Orc:1    | Killed an orc high priest
 10661 | Orc:1    | Learned a level 4 spell: Fulminant Prism
 10667 | Orc:2    | Noticed an orc high priest
 10717 | Orc:1    | Reached skill level 10 in Hexes
 11469 | Orc:1    | Killed an orc high priest
 11604 | Orc:1    | Killed an orc high priest
 11961 | Orc:2    | Reached skill level 10 in Dodging
 12710 | Orc:2    | Found Ruuryibb's Book Shop.
 12741 | Orc:2    | Bought a book of Enchantments for 600 gold pieces
 12758 | Orc:2    | Found Lacoasei's General Store.
 12766 | Orc:2    | Bought a potion of agility for 60 gold pieces
 12766 | Orc:2    | Bought a scroll of identify for 30 gold pieces
 12766 | Orc:2    | Bought a scroll of identify for 30 gold pieces
 12808 | Orc:2    | Found a staircase to the Elven Halls.
 12897 | Orc:2    | Found Tevuf's Antique Armour Shoppe.
 13129 | Orc:1    | Noticed an orc high priest
 13163 | Orc:1    | Reached XP level 13. HP: 48/88 MP: 14/24
 13417 | D:9      | Reached skill level 19 in Stealth
 14291 | Orc:2    | Learned a level 5 spell: Silence
 14497 | Orc:1    | Noticed an ettin
 14504 | Orc:1    | Killed an ettin
 14657 | Lair:1   | Entered Level 1 of the Lair of Beasts
 14724 | Lair:1   | Noticed Nergalle
 14730 | Lair:1   | Killed Nergalle
 14788 | Lair:1   | Reached skill level 5 in Ice Magic
 14916 | Lair:1   | Reached ****** piety under Dithmenos
 15009 | Lair:1   | Found a glowing silver altar of Zin.
 15816 | Lair:2   | Found a staircase to the Snake Pit.
 15833 | Lair:2   | Found a staircase to the Swamp.
 16460 | Lair:2   | Noticed Sonja
 16468 | Lair:2   | Killed Sonja
 16632 | Lair:3   | Noticed Prince Ribbit
 16671 | Lair:3   | Killed Prince Ribbit
 18240 | Lair:4   | Reached skill level 20 in Stealth
 18254 | Lair:4   | Reached XP level 14. HP: 95/95 MP: 26/26
 18887 | Lair:5   | Found a viscous altar of Jiyva.
 18983 | Lair:5   | Found a staircase to the Slime Pits.
 19352 | Lair:6   | Entered Level 6 of the Lair of Beasts
 19424 | Lair:6   | Reached skill level 5 in Armour
 19441 | Lair:6   | Learned a level 4 spell: Iskenderun's Mystic Blast
 20468 | Lair:6   | Upgraded the game from 0.20-a0-277-g7db01f4 to 0.20-a0-296-gf222164
 20947 | Lair:6   | Reached skill level 21 in Stealth
 21165 | Lair:6   | Got a pair of shimmering boots
 21176 | Lair:6   | Identified the +2 pair of boots "Owac" {+Fly rC+ Dex+2} (You found it on level 6 of the Lair of Beasts)
 21534 | Lair:6   | Reached skill level 5 in Fighting
 22336 | D:12     | Killed Frances
 22336 | D:12     | Reached XP level 15. HP: 103/103 MP: 24/28
 22487 | D:13     | Got a creamy pearl robe
 22498 | D:13     | Identified the +3 robe of Kleptomania {Int+4} (You found it on level 13 of the Dungeon)
 23130 | D:13     | Gained mutation: You are somewhat resistant to further mutation. [potion of beneficial mutation]
 23131 | D:13     | Gained mutation: You tend to lose your temper in combat. [potion of mutation]
 23132 | D:13     | Gained mutation: You are robust. (+10% HP) [potion of beneficial mutation]
 23133 | D:13     | Lost mutation: You tend to lose your temper in combat. [potion of cure mutation]
 23133 | D:13     | Lost mutation: You are somewhat resistant to further mutation. [potion of cure mutation]
 23133 | D:13     | Lost mutation: You are robust. (+10% HP) [potion of cure mutation]
 23290 | D:13     | Learned a level 1 spell: Beastly Appendage
 23410 | D:14     | Found a gate to the Vaults.
 23792 | D:14     | Found an iron altar of Okawaru.
 23848 | D:14     | Reached skill level 10 in Spellcasting
 24090 | D:15     | Entered Level 15 of the Dungeon
 24238 | D:15     | Found a staircase to the Depths.
 24359 | D:15     | Noticed Kirke
 25006 | D:15     | Killed Kirke
 25006 | D:15     | Reached skill level 22 in Stealth
 25270 | Snake:1  | Entered Level 1 of the Snake Pit
 25820 | Swamp:1  | Entered Level 1 of the Swamp
 26721 | Snake:1  | Got an iridescent short sword
 26722 | Snake:1  | Identified the +4 short sword "Spider's Death Toll" {flame, rF+ MR+} (You found it on level 1 of the Snake Pit)
 26951 | Snake:1  | Learned a level 2 spell: Sticks to Snakes
 27202 | Snake:1  | Reached skill level 1 in Transmutations
 27721 | Snake:2  | Reached XP level 16. HP: 113/113 MP: 27/30
 27883 | Snake:2  | Got a brightly glowing chain mail
 27923 | Snake:2  | Reached skill level 10 in Short Blades
 27934 | Snake:2  | Identified the +1 chain mail of Xippuvel {rCorr SInv} (You found it on level 2 of the Snake Pit)
 27987 | Snake:2  | Found Ehaetwes's Weapon Shoppe.
 27991 | Snake:2  | Noticed Donald
 28004 | Snake:2  | Killed Donald
 28014 | Snake:2  | Bought 20 arrows for 76 gold pieces
 28220 | Snake:2  | HP: 3/113 [salamander/halberd (21)]
 28228 | Snake:2  | Reached skill level 1 in Conjurations
 28862 | Snake:2  | Learned a level 2 spell: Call Imp
 29215 | Snake:3  | Reached skill level 1 in Summonings
 29578 | Snake:3  | Noticed Roxanne
 29862 | Snake:3  | Reached skill level 23 in Stealth
 30891 | Snake:4  | Entered Level 4 of the Snake Pit
 31487 | Snake:4  | Found a shadowy altar of Dithmenos.
 31559 | Snake:4  | Reached skill level 15 in Hexes
 32675 | Snake:4  | Reached skill level 1 in Evocations
 32675 | Snake:4  | Reached XP level 17. HP: 54/120 MP: 5/32
 32979 | Snake:3  | HP: 4/121 [poisoned by a nagaraja (bolt of poison)]
 32980 | Snake:3  | HP: 1/121 [poisoned by a nagaraja (bolt of poison)]
 32981 | Snake:3  | Succumbed to a nagaraja's bolt of poison

Vault maps used:
D:1:      lemuel_arrival_behind_the_door_small, nrook_mini_vaults,
          minmay_misc_feat_hallway
D:2:      nicolae_tso_swordbearing_angel
D:3:      serial_glass, glass_columns_a, glass_columns_a, due_unseen_surprise,
          feat_on_display, minmay_strange_pillars, feat_on_display,
          dk_noncrumbling_4, kennysheep_generic_room_16
D:4:      grunt_temple_overflow_bloody_war, first_bread, minmay_lizard_king,
          uniq_pikel
D:5:      lemuel_round_altar, uniq_duvessa
D:6:      serial_shops, shop, uniq_grinder, uniq_menkaure, uniq_edmund
D:8:      cheibriados_altar_wand_db
D:9:      david_orc_4, uniq_erica
D:10:     lair_entry_dummy, basic_altar
D:11:     basic_altar, serial_glass, glass_columns_a, glass_columns_a,
          grunt_pizzeria
D:12:     lab_entry_generic, uniq_frances
D:13:     minmay_misc_feat_more_columns, minmay_fountain_box
D:14:     david_vaults_2, lemuel_tele_altar, serial_ice, serial_ice_e,
          serial_ice_g, serial_ice_h, serial_ice_m, serial_ice_c, serial_ice_a,
          serial_ice_o, serial_ice_n
D:15:     hangedman_depths_entry_try_elsewhere_first,
          minmay_misc_feat_diagonals, minmay_unpleasant_kobolds, uniq_kirke
Temple:   eino_temple_rhombus
Lair:1:   basic_altar, st_stairs_13, lemuel_fruit_tree, uniq_nergalle
Lair:2:   swamp_mist, minmay_snake_entry_guardpost_small,
          dpeg_stationary_puzzle, lemuel_fruit_fields,
          infiniplex_staircase_pool_2, uniq_sonja
Lair:3:   serial_bayou_shore_a, uniq_prince_ribbit2
Lair:5:   slime_altar_1
Lair:6:   hangedman_lair_caniforms_friends, guppyfry_lair_end_dragon,
          grunt_megastairs_5
Swamp:1:  evilmike_swamp_ruin_house_5, infiniplex_staircase_pool
Snake:2:  serial_shops, nicolae_shop_statue_plus, uniq_donald
Snake:3:  grunt_megastairs_2, serial_bayou_shore_b, uniq_roxanne
Snake:4:  grunt_snake_rune_spirals, basic_altar
Orc:1:    serial_shops, nicolae_shop_trees, uniq_maurice
Orc:2:    grunt_orc_gardens, grunt_orc_garden, grunt_orc_garden,
          grunt_orc_garden, grunt_orc_garden

Skill      XL: |  1  2  3  4  5  6  7  8  9 10 11 12 13 14 15 16 |
---------------+-------------------------------------------------+-----
Stealth        | 5 6 7 9 10 13 14 16 18 20 21 22 23 | 23.4
Short Blades   | 2 3 4 5 6 7 8 9 10 | 10.1
Throwing       | 1 |  1.9
Spellcasting   | 3 4 5 6 7 8 9 10 11 | 11.2
Hexes          | 6 7 8 9 11 12 13 14 15 | 15.3
Ice Magic      | 1 2 3 4 5 6 7 |  7.1
Dodging        | 3 4 5 7 8 10 11 12 | 12.0
Fighting       | 1 2 3 4 5 6 7 |  7.6
Maces & Flails | 1 |  1.0
Armour         | 1 2 4 6 7 8 |  8.9
Transmutations | 2 |  2.6
Conjurations   | 1 |  1.3
Summonings     | 3 |  3.0
Evocations     | 1 |  1.0
Translocations | |  0.1
Air Magic      | |  0.2

Action                   |  1- 3 |  4- 6 |  7- 9 | 10-12 | 13-15 | 16-18 || total
-------------------------+-------+-------+-------+-------+-------+-------++-------
Melee: Dagger            |   105 |       |   182 |   628 |  1503 |   445 ||  2863
       Bite              |    10 |     7 |    23 |    67 |   202 |    49 ||   358
       Short sword       |     1 |    67 |    60 |       |       |       ||   128
       Whip              |       |       |     6 |       |       |       ||     6
       Unarmed           |       |       |       |       |    19 |       ||    19
Throw: Javelin           |       |     6 |     4 |     4 |       |       ||    14
       Tomahawk          |       |     7 |       |     8 |     9 |     7 ||    31
 Cast: Ensorcelled Hiber |     3 |    16 |    30 |    97 |   218 |    57 ||   421
       Corona            |     1 |     2 |       |       |       |       ||     3
       Confuse           |       |     3 |     6 |    13 |    78 |    49 ||   149
       Dazzling Spray    |       |       |     3 |    21 |    31 |    28 ||    83
       Tukima's Dance    |       |       |       |    34 |     2 |     9 ||    45
       Cause Fear        |       |       |       |    24 |    31 |     5 ||    60
       Fulminant Prism   |       |       |       |     8 |     8 |    21 ||    37
       Lesser Beckoning  |       |       |       |     3 |       |       ||     3
       Summon Butterflie |       |       |       |     1 |       |       ||     1
       Silence           |       |       |       |       |     4 |     1 ||     5
       Sticks to Snakes  |       |       |       |       |    15 |     5 ||    20
       Call Imp          |       |       |       |       |       |     7 ||     7
 Abil: End Transformatio |       |     4 |       |     2 |       |       ||     6
       Bat Form          |       |     4 |       |     2 |       |       ||     6
       Evoke Flight      |       |     1 |       |       |     2 |       ||     3
Evoke: Wand              |       |       |       |       |     7 |     4 ||    11
  Use: Scroll            |     6 |       |     4 |     6 |    18 |     6 ||    40
       Potion            |       |       |     2 |     5 |    20 |    10 ||    37
 Stab: Sleeping          |    15 |    10 |    38 |   117 |   216 |    53 ||   449
       Confused          |       |     2 |     3 |     6 |    32 |    19 ||    62
       Invisible         |       |       |       |     3 |     5 |     7 ||    15
       Distracted        |       |       |       |       |    11 |     5 ||    16
       Fleeing           |       |       |       |       |     1 |       ||     1
  Eat: Corpse            |     8 |     3 |    18 |    31 |    44 |    15 ||   119
Armor: Robe              |    17 |     2 |    16 |       |       |       ||    35
       Leather armour    |       |       |    13 |    93 |   243 |    71 ||   420
Dodge: Dodged            |    58 |    23 |   100 |   603 |  1307 |   382 ||  2473
